 Dungeon Crawl Stone Soup version 0.26-a0-664-gc8b27b8fc1 (webtiles) character file.

Game seed: 3678140176695827135

1227 PentaManta the Nimble (level 8, -6/37 HPs)
             Began as a Spriggan Brigand on Oct 13, 2020.
             Was an Initiate of Dithmenos.
             Mangled by an ice beast (14 damage)
             ... on level 5 of the Dungeon.
             The game lasted 00:13:42 (7178 turns).

PentaManta the Nimble (Spriggan Brigand)            Turns: 7178, Time: 00:13:42

Health: -6/37      AC:  3    Str:  7    XL:     8   Next: 23%
Magic:  9/9        EV: 27    Int: 12    God:    Dithmenos [......]
Gold:   320        SH:  0    Dex: 20    Spells: 7/7 levels left

rFire    . . .     SeeInvis +   a - +2 dagger
rCold    . . .     Faith    .   (shield restricted)
rNeg     . . .     Spirit   .   b - +0 robe
rPois    .         Reflect  .   (helmet restricted)
rElec    .         Harm     .   c - +0 cloak
rCorr    .         Rampage  .   (gloves unavailable)
MR       +....                  (boots unavailable)
Stlth    ++++++....             (no amulet)
HPRegen  0.12/turn              k - ring of stealth (curse)
MPRegen  0.11/turn              (no ring)

@: studying Maces & Flails, very quick
A: very small, unfitting armour, see invisible, speed 3
a: Renounce Religion


You were on level 5 of the Dungeon.
You worshipped Dithmenos.
Dithmenos was noncommittal.
You visited 2 branches of the dungeon, and saw 6 of its levels.

You collected 320 gold pieces.

Inventory:

Hand Weapons
 a - a +2 dagger (weapon)
 n - a +0 hunting sling
 q - a +0 whip of electrocution
Missiles
 d - 34 poisoned darts (quivered)
 e - 2 curare-tipped darts
 f - 97 stones
 j - 50 sling bullets
 p - a throwing net
Armour
 b - a +0 robe (worn)
 c - a +0 cloak (worn)
Jewellery
 k - a cursed ring of stealth (left hand)
Wands
 v - a wand of flame (7)
 x - a wand of paralysis (11)
Scrolls
 h - 6 scrolls of identify {unknown}
 i - 2 scrolls of teleportation {unknown}
 l - 2 scrolls of remove curse {unknown}
 o - a scroll of noise {unknown}
 s - 2 scrolls of fear {unknown}
 t - 2 scrolls of enchant weapon {unknown}
Potions
 g - a potion of magic {unknown}
 r - a potion of brilliance {unknown}
Books
 u - a manual of Maces & Flails


   Skills:
 - Level 1.5 Fighting
 + Level 6.0 Short Blades
 + Level 0.0 Maces & Flails
 - Level 2.0 Throwing
 * Level 9.9 Dodging
 + Level 9.6 Stealth


You had 7 spell levels left.
You didn't know any spells.
Your spell library was empty.

Dungeon Overview and Level Annotations

Branches:
Dungeon (5/15)             Temple (1/1) D:5

Altars:
Ashenzari
Dithmenos
Elyvilon
Gozag
Kikubaaqudgha
Makhleb
Okawaru
Ru
Sif Muna
Uskayaw
Vehumet
Wu Jian
Xom
Yredelemnul
Zin


Innate Abilities, Weirdness & Mutations

You are very small and have problems with some larger weapons.
You are too small for most types of armour.
You have supernaturally acute eyesight. (SInv)
You cover ground extremely quickly.


Message History

The ice beast is almost dead.
The ice beast completely misses you.
You hit the ice beast.
The ice beast is almost dead.
The phantom blinks!
The ice beast barely misses you. The ice beast hits you.
The ice beast freezes you!
You hit the ice beast but do no damage.
The ice beast is almost dead.
The ice beast completely misses you.
You barely miss the ice beast.
The ice beast is almost dead.
The ice beast completely misses you.
Your +0 whip of electrocution stops crackling.
a - a +2 dagger (weapon)
You barely miss the ice beast.
The ice beast is almost dead.
The ice beast hits you.
* * * LOW HITPOINT WARNING * * *
The ice beast freezes you!
You die...

##.((###.....#....
##.(..........##...
#.l.#.....#...#...#
#.###.(>..###.#####
#...#.....#...# #.
#............#####<
#.#...###...####...
#.##W..#.....(.(.#.
#.@Y...#..####.###.
######...## *#.#*##
##.## *..#*,.
*****#.#***#.##,,.
*,,,,..Y,,,#.*,,,,
*,,,).Y..,,..,,,,,
*,,..,,,..,#.***,*
*,,,,,,,...#.,,,,*
*,,,,,,,,,,,,,****


You could see a phantom and an ice beast.

Vanquished Creatures
  A sky beast (D:3)
  2 ogres (D:4)
  A phantom (D:3)
  2 centaurs
  A bullfrog (D:2)
  2 scorpions
  2 howler monkeys (D:4)
  Natasha (thrice) (D:2)
  2 worker ants (D:4)
  4 iguanas (D:4)
  8 gnolls
  7 adders
  A shadow imp (Temple)
  An ooze (D:3)
  An adder skeleton (D:5)
  3 worms (D:2)
  2 dart slugs
  5 leopard geckos
  3 orcs
  A ball python (D:1)
  3 bats
  5 giant cockroaches
  8 goblins
  A hobgoblin (D:2)
  8 jackals
  2 quokkas
  11 frilled lizards
  13 kobolds
  2 quokka skeletons (D:4)
  17 rats
122 creatures vanquished.

Notes
Turn   | Place    | Note
-------+----------+-------------------------------------------
     0 | D:1      | PentaManta the Spriggan Brigand began the quest for the
                  | Orb.
     0 | D:1      | Reached XP level 1. HP: 10/10 MP: 2/2
   503 | D:1      | Reached XP level 2. HP: 14/14 MP: 3/3
   917 | D:1      | Reached XP level 3. HP: 18/18 MP: 4/4
  2158 | D:2      | Reached XP level 4. HP: 9/22 MP: 5/5
  2849 | D:2      | Noticed Natasha
  2855 | D:2      | Killed Natasha
  2855 | D:2      | Reached XP level 5. HP: 24/25 MP: 6/6
  3143 | D:2      | Noticed Natasha
  3242 | D:2      | Killed Natasha
  3242 | D:2      | Reached skill level 5 in Dodging
  3252 | D:2      | Noticed Natasha
  3262 | D:2      | Killed Natasha
  3691 | D:2      | Reached XP level 6. HP: 30/30 MP: 7/7
  3845 | D:3      | Noticed a sky beast
  3851 | D:3      | Killed a sky beast
  5130 | D:3      | Reached XP level 7. HP: 17/33 MP: 8/8
  5289 | D:4      | Reached skill level 5 in Short Blades
  6150 | D:5      | Entered Level 5 of the Dungeon
  6180 | D:5      | Reached XP level 8. HP: 19/37 MP: 9/9
  6496 | D:5      | Found a staircase to the Ecumenical Temple.
  6519 | Temple   | Entered the Ecumenical Temple
  6531 | Temple   | Became a worshipper of Dithmenos the Shadowed
  7178 | D:5      | Mangled by an ice beast

Illustrated notes

Levels and vault maps discovered:
D:1:      lightli_arrival_statue_moat, layout_basic, minmay_rat_gold_closets
D:2:      layout_basic, minmay_tetromino_i4, uniq_natasha
D:3:      layout_basic, serial_curves, eino_curves_03, eino_curves_04,
          eino_curves_02, eino_curves_03, hangedman_abyss_or_decor_stabs,
          chequers_mini_garden, kennysheep_generic_room_3
D:4:      layout_loops_ring, minmay_manual_mess
D:5:      layout_rooms, grunt_temple_overflow_forces_of_nature,
          minmay_temple_entry_tees, minmay_manual_maat
Temple:   nicolae_temple_no_exploring_needed

Skill      XL: |  1  2  3  4  5  6  7  8 |
---------------+-------------------------+-----
Dodging        | 2 3 4 6 7 9 |  9.9
Stealth        | 6 7 8 9 |  9.6
Short Blades   | 3 4 5 6 |  6.0
Fighting       | |  1.5
Throwing       | |  2.0

Action                   |  1- 3 |  4- 6 |  7- 9 || total
-------------------------+-------+-------+-------++-------
Melee: Dagger            |   154 |   116 |    97 ||   367
       Whip              |       |    44 |    78 ||   122
Throw: Dart              |     8 |     2 |     4 ||    14
       Stone             |       |     1 |       ||     1
  Use: Potion            |       |       |     4 ||     4
       Scroll            |       |       |     1 ||     1
 Stab: Sleeping          |    20 |    14 |    14 ||    48
       Distracted        |       |     1 |     1 ||     2
Armor: Robe              |    19 |    12 |     6 ||    37
Dodge: Dodged            |   119 |   109 |   195 ||   423

Table legend: (Time is in decaauts)
 A = Elapsed time spent in this place.
 B = Non-inter-level travel time spent in this place.
 C = Inter-level travel time spent in this place.
 D = Time resting spent in this place.
 E = Time spent auto-exploring this place.
 F = Levels seen in this place.
 G = Mean time per level.
                   A        B        C        D        E       F      G
               +--------+--------+--------+--------+--------+-----+--------+
         Total |   5826 |   5752 |     74 |   2575 |   2069 |   6 |  971.0 |
       Dungeon |   5285 |   5211 |     74 |   2091 |   2069 |   5 | 1057.0 |
        Temple |    541 |    541 |      0 |    484 |      0 |   1 |  541.0 |
               +--------+--------+--------+--------+--------+-----+--------+

Top non-repeatable levels by time:
     D:2: 1779 daAuts
     D:1: 1287 daAuts
     D:3: 1013 daAuts
     D:4: 774 daAuts
  Temple: 541 daAuts
     D:5: 431 daAuts
